 Dungeon Crawl Stone Soup version 0.20-a0-709-gd40821f (webtiles) character file.

247 Laphicet the Sneak (level 5, -2/26 HPs)
             Began as a Spriggan Enchanter on Feb 21, 2017.
             Killed by nerve-wracking pain
             ... invoked by an orc priest
              (5 damage)
             ... on level 3 of the Dungeon.
             The game lasted 00:13:49 (4642 turns).

Laphicet the Sneak (Spriggan Enchanter)             Turns: 4642, Time: 00:13:50

Health: -2/26      AC:  4    Str:  5    XL:     5   Next: 85%
Magic:  4/11       EV: 20    Int: 21    God:
Gold:   104        SH:  0    Dex: 16    Spells: 1/10 levels left

rFire    . . .     SeeInvis +   a - +1 dagger
rCold    . . .     Gourm    .   b - +0 robe
rNeg     . . .     Faith    .   (shield restricted)
rPois    .         Spirit   .   (helmet restricted)
rElec    .         Reflect  .   (no cloak)
rCorr    .         Harm     .   (gloves unavailable)
MR       .....                  (boots unavailable)
Stlth    +++.......             (no amulet)
Regen    0.1/turn               t - +2 ring of protection
MPRegen  0.2/turn               p - +4 ring of intelligence

@: very quick
A: unfitting armour, see invisible, herbivore 3, speed 3, slow metabolism 2
a: no special abilities


You were on level 3 of the Dungeon.
You were not hungry.

You visited 1 branch of the dungeon, and saw 3 of its levels.

You collected 104 gold pieces.

Inventory:

Hand Weapons
 a - a +1 dagger (weapon)
 n - a +0 rapier
Armour
 b - a +0 robe (worn)
Jewellery
 p - a +4 ring of intelligence (left hand)
 t - a +2 ring of protection (right hand)
Scrolls
 e - a scroll of immolation {unknown}
 f - 3 scrolls of identify {unknown}
 h - 5 scrolls of remove curse
 i - a scroll of teleportation {unknown}
 q - 2 scrolls of recharging {unknown}
 y - a scroll of enchant weapon {unknown}
 z - a scroll of enchant armour {unknown}
Potions
 g - a potion of heal wounds {unknown}
 j - a potion of invisibility {unknown}
 k - 2 potions of resistance {unknown}
 l - a potion of mutation {unknown}
 m - a potion of brilliance {unknown}
 o - 2 potions of curing {unknown}
 r - 2 potions of cancellation {unknown}
 s - a potion of agility {unknown}
 u - a potion of flight {unknown}
 v - a potion of haste {unknown}
 x - 2 potions of degeneration {unknown}
 A - a potion of lignification {unknown}
Books
 c - a book of Maledictions

   Spells                             Type                      Level
   a - Corona                         Hexes                        1
   b - Ensorcelled Hibernation        Hexes/Ice                    2
   c - Confuse                        Hexes                        3
   d - Tukima's Dance                 Hexes                        3
   e - Dazzling Spray                 Conjuration/Hexes            3
Comestibles
 d - 2 bread rations
 w - 3 fruits


   Skills:
 + Level 2.1 Fighting
 + Level 3.0 Short Blades
 + Level 4.4 Dodging
 + Level 5.8 Stealth
 + Level 3.4 Spellcasting
 + Level 4.3 Hexes


You had one spell level left.
You knew the following spells:

 Your Spells              Type           Power        Failure   Level  Hunger
a - Corona                Hex            ###....      1%          1    None
c - Confuse               Hex            ###.....     10%         3    ###....
e - Ensorcelled Hibernat  Hex/Ice        ##....       10%         2    ##.....
t - Tukima's Dance        Hex            ###.....     10%         3    ###....


Dungeon Overview and Level Annotations

Branches:
Dungeon (3/15)

Altars:
Ashenzari
Nemelex Xobeh
Uskayaw


Innate Abilities, Weirdness & Mutations

You are very small and have problems with some larger weapons.
You are too small for most types of armour.
You have supernaturally acute eyesight. (SInv)
You are a herbivore.
You cover ground extremely quickly.
You need consume almost no food.


Message History

Aiming: Ensorcelled Hibernation
Press: ? - help, Shift-Dir - straight line, f/p - orc priest
Aim: an orc priest (chance to defeat MR: 43%)
The orc priest resists with some effort.
The orc priest invokes the aid of Beogh against you.
Beogh smites you!
Ouch! That really hurt!
* * * LOW HITPOINT WARNING * * *
Your morningstar hits the orc priest!
An ooze comes into view.
The ooze quivers.
You hit the orc priest.
The orc priest is severely wounded.
The orc priest invokes the aid of Beogh against you.
You resist with significant effort.
You hit the orc priest but do no damage.
The orc priest is severely wounded.
The orc priest calls down the wrath of Beogh upon you.
Pain shoots through your body!
You die...

#..#.# #.#......#.............
#..#.# #.#.###################
#..#.#####....................#.
#..#......[......############.#.
##..#####.#.#.##.###.........#.#.
.............................'...
##..#####.#.#[##.............#.#.
#....(.....#.##...)..#####'##.#.
##.#####.#.#<(o@.....#####.##.#.
###.#####.#.#.###..............#.
..)....##.#.#.#...............##.
#########...#.####....#####.#.###
#############.# #....# #.#....
............#.# ####.#####.#..##
...#...#...##.# #.J........##
..............#############.#.###
...#...#...#..#.........)........


You could see an orc priest, an ooze and a friendly morningstar.

Vanquished Creatures
  An orc wizard (D:3)
  Jessica (D:3)
  4 gnolls
  6 adders
  2 worms (D:3)
  2 dart slugs
  The ghost of Goblin1989 the Sneak, a weakling SpAs (D:3)
  3 leopard geckos
  9 orcs
  A ball python (D:3)
  2 giant cockroaches (D:3)
  10 hobgoblins
  4 jackals (D:3)
  7 kobolds
  2 quokkas (D:2)
  8 bats
  4 frilled lizards
  6 goblins
  10 rats
83 creatures vanquished.

Notes
Turn   | Place    | Note
-------+----------+-------------------------------------------
     0 | D:1      | Laphicet the Spriggan Enchanter began the quest for the Orb.
     0 | D:1      | Reached XP level 1. HP: 9/9 MP: 5/5
   289 | D:1      | Reached XP level 2. HP: 13/13 MP: 6/6
   295 | D:1      | Learned a level 2 spell: Ensorcelled Hibernation
  1097 | D:2      | Reached skill level 5 in Stealth
  1112 | D:2      | Reached XP level 3. HP: 17/17 MP: 6/8
  1447 | D:2      | Reached skill level 1 in Fighting
  1670 | D:1      | Reached XP level 4. HP: 19/22 MP: 1/9
  2950 | D:3      | Reached XP level 5. HP: 25/25 MP: 10/10
  2999 | D:3      | Noticed Goblin1989's ghost (weakling SpAs)
  3052 | D:3      | Found a hide-covered altar of Uskayaw.
  3127 | D:3      | Found a sparkling altar of Nemelex Xobeh.
  3171 | D:3      | Learned a level 3 spell: Confuse
  3175 | D:3      | Learned a level 3 spell: Tukima's Dance
  3209 | D:3      | Noticed Jessica
  3212 | D:3      | Killed Jessica
  3230 | D:3      | Found a shattered altar of Ashenzari.
  3430 | D:3      | Killed Goblin1989's ghost
  4642 | D:3      | Killed from afar by an orc priest

Vault maps used:
D:1:      lightli_iron_boxes, grunt_decor_fettered, minmay_strange_pillars
D:2:      lemuel_upstairs_altar
D:3:      lemuel_coloured_pillars_altar, nemelex_xobeh_ov_fountains_minmay,
          eat_drink_and_be_merry_uskayaw, uniq_jessica

Skill      XL: |  1  2  3  4  5 |
---------------+----------------+-----
Stealth        | 5 |  5.8
Fighting       | 1 2 |  2.1
Spellcasting   | 3 |  3.4
Short Blades   | 2 3 |  3.0
Dodging        | 4 |  4.4
Hexes          | 4 |  4.3

Action                   |  1- 3 |  4- 6 || total
-------------------------+-------+-------++-------
Melee: Dagger            |    83 |   198 ||   281
 Cast: Corona            |     2 |       ||     2
       Ensorcelled Hiber |    21 |    46 ||    67
       Confuse           |       |     1 ||     1
       Tukima's Dance    |       |     1 ||     1
  Use: Scroll            |       |     1 ||     1
 Stab: Sleeping          |    22 |    28 ||    50
       Confused          |       |     1 ||     1
  Eat: Bread ration      |       |     1 ||     1
Armor: Robe              |     7 |    23 ||    30
Dodge: Dodged            |    67 |   177 ||   244
